 Dungeon Crawl Stone Soup version 0.23-a0-494-g91793a9 (webtiles) character file.

17 zishaf the Grasshopper (level 2, 0/27 HPs)
             Began as a Naga Warper on Dec 4, 2018.
             Slain by a jackal (2 damage)
             ... on level 1 of the Dungeon.
             The game lasted 00:01:34 (399 turns).

zishaf the Grasshopper (Naga Warper)                 Turns: 399, Time: 00:01:35

Health: 0/27       AC:  3    Str: 13    XL:     2   Next: 62%
Magic:  5/5        EV:  9    Int: 13    God:
Gold:   27         SH:  0    Dex: 10    Spells: 3/5 levels left

rFire    . . .     SeeInvis +   c - +1 whip (elec)
rCold    . . .     Gourm    .   (no shield)
rNeg     . . .     Faith    .   b - +0 leather armour
rPois    +         Spirit   .   (no helmet)
rElec    .         Reflect  .   (no cloak)
rCorr    .         Harm     .   k - +0 pair of gloves
MR       .....                  (no barding)
Stlth    ..........             (no amulet)
HPRegen  0.09/turn              i - ring of attention (curse)
MPRegen  0.09/turn              (no ring)

@: very slow
A: large, see invisible, deformed body, poison resistance, slowness 2, slow
metabolism 1, spit poison 1, AC +0
a: Spit Poison


You were on level 1 of the Dungeon.
You were not hungry.

You visited 1 branch of the dungeon, and saw 1 of its levels.

You collected 27 gold pieces.

Inventory:

Hand Weapons
 a - a +0 hand axe
 c - a +1 whip of electrocution (weapon)
Missiles
 e - 5 tomahawks of dispersal (quivered)
Armour
 b - a +0 leather armour (worn)
 k - a +0 pair of gloves (worn)
Jewellery
 i - a cursed ring of attention (left hand)
Scrolls
 d - a scroll of blinking
 g - 2 scrolls of identify {unknown}
 h - 2 scrolls of remove curse {unknown}
 j - a scroll of enchant weapon {unknown}
Comestibles
 f - a ration


   Skills:
 + Level 2.3 Fighting
 - Level 2.0 Axes
 - Level 1.2 Throwing
 - Level 0.7 Armour
 + Level 1.9 Dodging
 + Level 0.6 Stealth
 - Level 2.0 Spellcasting
 + Level 3.0 Translocations


You had 3 spell levels left.
You knew the following spells:

 Your Spells              Type           Power        Failure   Level  Hunger
a - Blink                 Tloc           N/A          14%         2    ###....

Your spell library contained the following spells:

 Spells                   Type           Power        Failure   Level  Hunger
 Shroud of Golubria       Chrm/Tloc      #.........   26%         2    ###....
 Gell's Gravitas          Tloc           #.........   26%         3    ####...
 Lesser Beckoning         Tloc           #.........   26%         3    ####...
 Teleport Other           Tloc           #.......     26%         3    ####...
 Passage of Golubria      Tloc           N/A          65%         4    #####..


Dungeon Overview and Level Annotations

Branches:
Dungeon (1/15)

Altars:


Innate Abilities, Weirdness & Mutations

You cannot wear boots.
Your serpentine skin is tough. (AC +0)
You have supernaturally acute eyesight. (SInv)
Armour fits poorly on your strangely shaped body.
Your system is resistant to poisons. (rPois)
You cover ground very slowly.
You have a slow metabolism.
You can spit poison.


Message History

The jackal bites you but does no damage. x3
You hit the jackal.
The jackal is heavily wounded.
The jackal closely misses you. The jackal bites you.
* * * LOW HITPOINT WARNING * * *
The jackal barely misses you. The jackal bites you.
* * * LOW HITPOINT WARNING * * *
The jackal bites you.
* * * LOW HITPOINT WARNING * * *
You hit the jackal.
The jackal is severely wounded.
The jackal closely misses you. The jackal barely misses you. x2
The jackal bites you.
* * * LOW HITPOINT WARNING * * *
You miss the jackal.
The jackal is severely wounded.
The jackal closely misses you. The jackal bites you.
* * * LOW HITPOINT WARNING * * *
The jackal bites you.
You die...

.......... ...........
#.........
........................
........................
.....................)
.............#......)
#...#......#########
#.hh##.....#........
#.h@#......#........
#..........#...⌠....
#....(#....##.......
#...(##....#######..
#...###..........##.
##..##...#....#...##
#..##.#.#....#.....
...##.............. #...
#####..........


You could see 3 jackals.

Vanquished Creatures
  A dart slug (D:1)
  A giant cockroach (D:1)
  4 goblins (D:1)
  A hobgoblin (D:1)
  A jackal (D:1)
  A ball python (D:1)
  2 bats (D:1)
  2 frilled lizards (D:1)
  2 kobolds (D:1)
  A rat (D:1)
16 creatures vanquished.

Notes
Turn   | Place    | Note
-------+----------+-------------------------------------------
     0 | D:1      | zishaf the Naga Warper began the quest for the Orb.
     0 | D:1      | Reached XP level 1. HP: 19/19 MP: 3/3
    47 | D:1      | Reached skill level 1 in Throwing
   195 | D:1      | Reached XP level 2. HP: 25/26 MP: 5/5
   199 | D:1      | Learned a level 2 spell: Blink
   399 | D:1      | Slain by a jackal

Vault maps used:
D:1:      giann_wishing_wells

Skill      XL: |  1 |
---------------+----+-----
Throwing       | 1 |  1.2
Fighting       | |  2.3
Axes           | |  2.0
Armour         | |  0.7
Dodging        | |  1.9
Stealth        | |  0.6
Spellcasting   | |  2.0
Translocations | |  3.0

Action                   || total
-------------------------++-------
Melee: Hand axe          ||    15
       Whip              ||    24
 Abil: Spit Poison       ||     8
Armor: Leather armour    ||    20
Dodge: Dodged            ||    40

Table legend:
 A = Non-vault XP
 B = Vault XP
 C = Vault XP percentage of total XP
 D = Non-vault monster count
 E = Vault monster count
 F = Vault count percentage of total count
                 A         B        C        D         E       F
            +---------+---------+-------+---------+---------+-------
      Total |      25 |       0 |   0.0 |      16 |       0 |   0.0
            +---------+---------+-------+---------+---------+-------
        D:1 |      25 |       0 |   0.0 |      16 |       0 |   0.0
            +---------+---------+-------+---------+---------+-------
